Map: Triton LE

Players

soul

  • Race: Terran Terran
  • League: Grandmaster
  • Spawn Location: 5:00

AGOElazer (Elazer) - Winner!

  • Race: Zerg Zerg
  • League: Master
  • Spawn Location: 11:00

Event: HomeStory Cup XX

VOD

Have the link to the VOD?

Description

Time

  • Played on: Nov. 21, 2019, 8:42 a.m.
  • Length: 12:57

All games in this series

Show
View Real Time Build Order
Export as new Build Order

soul Terran 

Build Orders: Liberator Opening, Reaper Expand 

Get SALT Encoding   

  12  0:00  SCV  
  13  0:12  SCV  
  14  0:17  Supply Depot  
  14  0:25  SCV  
  15  0:39  SCV  
  15  0:40  Barracks  
  16  0:45  Refinery  
  16  0:51  SCV  
  17  1:03  SCV  
  18  1:15  SCV  
  19  1:28  Orbital Command, Reaper  
  20  1:43  Command Center  
  20  1:52  Supply Depot  
  21  1:54  SCV  
  21  2:00  Marine  
  22  2:07  Factory  
  22  2:10  SCV  
  22  2:15  Refinery  
  23  2:22  Barracks Reactor  
  23  2:23  SCV  
  24  2:35  SCV  
  25  2:47  SCV  
  26  2:54  Starport  
  26  2:56  Orbital Command  
  26  2:59  SCV  
  27  3:06  Hellion x2  
  27  3:09  Barracks Tech Lab  
  27  3:12  SCV  
  32  3:20  Liberator, Supply Depot  
  32  3:22  SCV  
  32  3:24  SCV  
  34  3:29  Hellion  
  34  3:30  Hellion  
  38  3:34  SCV  
  38  3:36  SCV  
  43  3:45  Supply Depot  
  43  3:47  Stimpack, SCV  
  44  3:49  SCV  
  45  3:59  Hellion, SCV  
  45  4:00  Hellion  
  45  4:01  SCV  
  51  4:06  Marine  
  52  4:11  SCV  
  52  4:13  SCV  
  53  4:21  Command Center  
  53  4:28  Starport Reactor  
  53  4:29  Marine  
  53  4:30  Supply Depot  
  53  4:31  SCV  
  55  4:33  Factory Tech Lab, SCV  
  55  4:44  SCV  
  56  4:48  Barracks, SCV  
  56  4:51  Barracks  
  57  4:56  Engineering Bay, SCV  
  58  5:00  SCV  
  58  5:04  Refinery  
  58  5:06  Refinery  
  59  5:08  Supply Depot, SCV  
  59  5:09  Marine  
  59  5:12  SCV  
  59  5:20  SCV  
  60  5:22  Engineering Bay  
  60  5:23  Terran Infantry Weapons Level 1  
  60  5:24  SCV  
  61  5:28  Starport Reactor, Combat Shield, Siege Tank  
  61  5:29  Marine  
  61  5:32  SCV  
  61  5:33  Orbital Command  
  66  5:37  SCV  
  66  5:38  Marine x2  
  69  5:44  SCV  
  69  5:46  Marine x2  
  69  5:47  Marine  
  73  5:53  SCV  
  73  5:56  Marine x2  
  76  5:59  Orbital Command  
  76  6:00  SCV  
  76  6:03  Siege Tank  
  80  6:04  Marine x2  
  80  6:05  Marine, Medivac x2  
  80  6:08  SCV  
  88  6:12  SCV, Terran Infantry Armor Level 1  
  88  6:14  Marine x2  
  91  6:20  SCV  
  91  6:22  Marine  
  91  6:25  Supply Depot, Armory  
  93  6:27  Marine  
  93  6:46  Marine x5  
  93  6:47  SCV x3  
  93  6:51  Barracks  
  93  6:52  Supply Depot x2, Barracks  
  101  7:07  Marine  
  101  7:08  Marine  
  101  7:09  Marine  
  101  7:11  Marine x2, SCV  
  101  7:13  Medivac x2, Siege Tank, SCV x2  
  101  7:15  Supply Depot  
  103  7:17  Supply Depot  
  103  7:23  SCV  
  103  7:25  Marine  
  103  7:26  Marine  
  103  7:27  Marine  
  103  7:28  Marine  
  103  7:29  Marine  
  107  7:30  SCV  
  107  7:32  SCV  
  107  7:33  Command Center  
  107  7:35  Terran Infantry Weapons Level 2  
  107  7:36  SCV  
  109  7:39  Supply Depot  
  109  7:41  Supply Depot  
  109  7:42  SCV  
  109  7:43  Marine  
  112  7:44  Marine  
  112  7:45  Barracks Reactor  
  112  7:46  SCV  
  112  7:48  Marine, Terran Vehicle And Ship Armor Level 1  
  112  7:50  Medivac  
  112  7:51  Marine x2, Medivac  
  120  7:52  SCV  
  120  7:57  Barracks Reactor  
  122  7:58  SCV  
  122  8:00  Siege Tank, SCV  
  122  8:01  Marine  
  122  8:02  Marine  
  122  8:04  Supply Depot  
  128  8:06  Marine  
  128  8:07  Refinery  
  128  8:08  Refinery  
  128  8:09  Supply Depot  
  129  8:14  Marine x2  
  129  8:15  Factory, SCV  
  129  8:19  Marine  
  132  8:21  Medivac x2  
  132  8:22  SCV  
  132  8:24  Marine x2  
  140  8:27  SCV  
  140  8:30  Marine  
  140  8:33  Barracks x3  
  140  8:34  SCV  
  140  8:36  SCV  
  140  8:38  Siege Tank  
  140  8:40  SCV  
  129  8:42  Marine  
  129  8:43  Marine  
  129  8:46  SCV  
  121  8:49  SCV  
  121  8:51  Marine  
  121  8:52  SCV  
  124  8:56  Marine x3  
  124  8:58  SCV  
  124  9:00  Factory Tech Lab  
  124  9:01  Marine, SCV  
  130  9:04  SCV  
  130  9:06  Planetary Fortress  
  131  9:12  Marine  
  131  9:16  SCV x3  
  135  9:28  Marine, SCV x2  
  135  9:29  Marine x3, SCV  
  144  9:32  Terran Infantry Armor Level 2  
  142  9:40  SCV x2  
  142  9:41  SCV  
  142  9:44  Marine x8  
  153  9:46  Marine x2  
  153  9:50  Medivac  
  153  9:52  SCV  
  156  9:59  Marine, Medivac  
  155  10:00  SCV  
  155  10:05  SCV  
  156  10:14  Marine x3  
  156  10:15  SCV  
  156  10:16  Marine x2  
  156  10:20  SCV  
  144  10:22  Supply Depot x2, SCV  
  144  10:23  Supply Depot  
  144  10:26  Marine  
  144  10:27  SCV  
  144  10:28  SCV  
  148  10:33  Sensor Tower  
  148  10:34  Marine x2, Siege Tank  
  153  10:36  Supply Depot  
  153  10:38  Barracks Tech Lab x2  
  153  10:40  SCV  
  154  10:43  SCV x2  
  154  10:46  Marine  
  154  10:49  SCV  
  155  10:52  SCV  
  155  10:53  Supply Depot  
  155  10:54  Marine  
  155  10:55  SCV x2  
  157  10:59  Marine  
  157  11:01  SCV  
  157  11:03  Orbital Command  
  159  11:04  SCV  
  159  11:11  Barracks Tech Lab, Supply Depot, Concussive Shells  
  160  11:15  Command Center, SCV  
  159  11:21  Marine x4  
  159  11:24  Marine  
  159  11:25  Siege Tank  
  151  11:30  SCV x2  
  153  11:33  SCV  
  153  11:34  Marine  
  155  11:45  Supply Depot, SCV  
  156  11:47  Supply Depot  
  156  11:48  Supply Depot x2  
  156  11:51  Refinery  
  154  12:07  SCV x2  
  156  12:09  Starport x2, SCV  
  156  12:13  Marine  
  156  12:14  Marine x3, Fusion Core  
  156  12:15  SCV  
  158  12:19  SCV  
  139  12:25  Marine x7  
  139  12:29  SCV  
  138  12:35  SCV x3  
  133  12:41  SCV  
  134  12:48  Starport Reactor  
  134  12:49  Starport Reactor  
Show
View Real Time Build Order
Export as new Build Order

AGOElazer Zerg - Winner!

Build Orders: Hatch First, Brood Lord Corruptor 

Get SALT Encoding   

  12  0:00  Drone  
  13  0:12  Overlord  
  13  0:17  Drone  
  14  0:30  Drone x2  
  16  0:47  Hatchery  
  15  0:50  Drone  
  15  0:55  Drone  
  17  0:58  Drone  
  18  1:09  Extractor  
  17  1:13  Spawning Pool  
  17  1:16  Drone  
  17  1:19  Drone  
  18  1:31  Drone  
  19  1:39  Drone  
  20  1:49  Drone  
  21  1:59  Queen  
  21  2:00  Zergling x4, Queen  
  27  2:16  Hatchery  
  27  2:17  Overlord  
  27  2:20  Drone  
  27  2:24  Drone  
  28  2:31  Metabolic Boost  
  28  2:36  Drone x2  
  30  2:38  Drone  
  31  2:44  Queen  
  31  2:49  Overlord  
  33  2:52  Drone  
  33  2:54  Drone  
  35  2:59  Drone  
  36  3:07  Drone x4  
  36  3:10  Drone  
  41  3:17  Drone  
  41  3:19  Overlord  
  42  3:20  Queen  
  44  3:27  Queen  
  44  3:33  Drone  
  47  3:35  Drone  
  47  3:36  Zergling x4  
  47  3:39  Drone  
  47  3:40  Drone  
  52  3:45  Drone x3  
  55  3:49  Evolution Chamber  
  55  3:50  Zergling x2  
  55  3:54  Drone x3  
  58  3:56  Overlord  
  58  4:00  Lair  
  58  4:02  Overlord  
  59  4:11  Overlord  
  59  4:14  Queen  
  59  4:15  Drone x2  
  59  4:16  Drone x2  
  65  4:17  Drone  
  65  4:20  Zergling x2  
  65  4:24  Overlord  
  67  4:26  Drone x3  
  69  4:31  Baneling Nest  
  69  4:35  Drone x5  
  69  4:37  Drone  
  74  4:42  Overlord  
  74  4:43  Extractor  
  74  4:44  Extractor, Drone x3  
  75  4:50  Spore Crawler  
  75  4:52  Spore Crawler  
  73  4:53  Zergling x2  
  73  4:57  Overlord  
  73  4:58  Drone x3  
  73  4:59  Spore Crawler  
  74  5:00  Drone x2  
  74  5:01  Drone x2  
  74  5:04  Drone  
  74  5:05  Overseer  
  79  5:14  Evolution Chamber  
  79  5:17  Evolution Chamber  
  79  5:18  Extractor, Drone x3  
  79  5:19  Extractor  
  77  5:23  Centrifical Hooks  
  77  5:24  Overlord  
  77  5:25  Drone x4  
  77  5:27  Extractor  
  80  5:30  Overlord  
  80  5:31  Drone x4  
  84  5:36  Overlord  
  84  5:42  Drone x2  
  86  5:49  Zerg Melee Weapons Level 1, Zergling x2, Zerg Ground Armor Level 1  
  87  5:53  Hatchery, Zergling x6  
  87  5:55  Baneling x4  
  87  5:56  Zergling x2  
  90  6:03  Zergling x2  
  90  6:04  Zergling x8, Baneling  
  95  6:05  Baneling x4  
  95  6:10  Zergling x2, Overlord  
  95  6:11  Zergling x4  
  98  6:16  Zergling x10  
  98  6:18  Baneling x3  
  103  6:23  Hydralisk Den  
  103  6:24  Drone x2  
  104  6:35  Burrow, Drone x5  
  104  6:39  Zergling x2  
  110  6:40  Zergling x8  
  113  6:50  Overlord  
  113  6:51  Overlord  
  113  6:53  Zergling x8  
  117  6:58  Muscular Augments  
  117  7:03  Hydralisk x6  
  128  7:09  Zergling x2  
  128  7:15  Overseer  
  124  7:18  Drone x7  
  131  7:22  Infestation Pit  
  131  7:26  Hatchery  
  131  7:28  Overlord  
  131  7:29  Drone x3  
  133  7:30  Drone x2  
  133  7:36  Overlord  
  132  7:37  Extractor, Drone  
  132  7:38  Drone x2  
  132  7:40  Spore Crawler  
  132  7:43  Hatchery  
  132  7:49  Zerg Ground Armor Level 2, Zerg Melee Weapons Level 2  
  132  7:50  Overlord  
  132  7:51  Hydralisk x4  
  132  7:53  Baneling x4  
  132  7:55  Zergling x4  
  142  8:03  Overseer, Hive  
  142  8:06  Extractor, Spire  
  142  8:07  Zergling x8  
  142  8:12  Baneling x10  
  140  8:13  Zergling x2  
  140  8:16  Zergling x8  
  140  8:17  Pneumatized Carapace  
  145  8:26  Zergling x18  
  153  8:31  Zergling x6  
  153  8:32  Zergling x6  
  151  8:39  Zergling x6  
  152  8:44  Zergling x4  
  152  8:45  Spore Crawler x2  
  151  8:49  Zergling x4  
  153  8:58  Grooved Spines, Overlord  
  153  8:59  Baneling x11  
  153  9:00  Zergling x12  
  159  9:03  Zergling x4  
  159  9:08  Zergling x2  
  162  9:15  Zergling x24  
  170  9:17  Adrenal Glands  
  170  9:18  Viper x2  
  170  9:19  Ultralisk Cavern  
  176  9:25  Baneling x5  
  176  9:26  Baneling x2  
  176  9:27  Overlord  
  176  9:30  Greater Spire  
  176  9:31  Drone x3  
  176  9:32  Drone  
  176  9:33  Overlord x2  
  180  9:43  Drone x3  
  180  9:44  Drone x2  
  180  9:45  Drone  
  172  10:00  Baneling x2  
  172  10:02  Zergling x32  
  172  10:05  Baneling x11  
  186  10:11  Drone  
  186  10:12  Drone x2  
  189  10:14  Spore Crawler  
  189  10:17  Zergling x28  
  189  10:21  Zergling x2  
  199  10:55  Extractor  
  193  10:57  Extractor  
  192  11:11  Spore Crawler  
  192  11:13  Spore Crawler  
  192  11:14  Corruptor x5  
  192  11:15  Baneling x2  
  181  11:30  Corruptor x5  
  187  11:57  Brood Lord x5  
  196  12:02  Brood Lord  
  198  12:17  Spore Crawler  
  198  12:19  Spore Crawler x2  
  198  12:20  Spore Crawler  
  174  12:26  Zergling x30  
  174  12:27  Brood Lord x4  
  198  12:56  Hatchery  
Tags
 
Add a new tag
Caveats
  • Supply blocks, unpowered buildings, or Contaminate may cause inaccurate times.
  • Supply counts are checked every 10 seconds.